[Event "Titled Tuesday Blitz August 22 Late 2023"]
[White "Trifan, Andrei Ioan"]
[Black "Batsuren, Dambasuren"]
[WhiteFideId "12967068"]
[BlackFideId "4902920"]
[WhiteElo "2545"]
[BlackElo "2834"]
[Result "1-0"]
[Round "2"]
[TimeControl "180+1"]
[Date "2023.08.22"]
[WhiteClock "0:00:10"]
[BlackClock "0:00:00"]
[Board "53"]

1. Nf3 Nf6 2. b3 b5 3. e3 a6 4. Bb2 Bb7 5. Be2 e6 6. O-O Be7 7. d4 c5 8. Nbd2 O-O 9. c4 bxc4 10. Nxc4 d6 11. Rc1 Nbd7 12. h3 cxd4 13. Nxd4 d5 14. Nd2 Qa5 15. a3 Rac8 16. b4 Qb6 17. Qa4 Bd6 18. N4b3 Bb8 19. Bd4 Qd6 20. g3 e5 21. Bc5 Nxc5 22. Nxc5 Bc6 23. Qxa6 d4 24. e4 Qe7 25. Bd3 Bd6 26. Ndb3 h5 27. Na5 Ba8 28. Ncb7 Bc7 29. Nc5 h4 30. g4 Nh7 31. Nc6 Qf6 32. Na7 Qf3 33. Be2 Qxh3 34. Qd3 Qxd3 35. Nxd3 Bxe4 36. Nxc8 Rxc8 37. Nxe5 Bxe5 38. Rxc8+ Nf8 39. Re1 Bb7 40. Re8 Bf4 41. Bc4 1-0


[Site "https://www.chess.com"]

[Event "Titled Tuesday Blitz August 22 Late 2023"]
[White "Yanchenko, Roman"]
[Black "Nurgaliyeva, Zarina"]
[WhiteFideId "4137329"]
[BlackFideId "13730096"]
[WhiteElo "2832"]
[BlackElo "2544"]
[Result "1-0"]
[Round "2"]
[TimeControl "180+1"]
[Date "2023.08.22"]
[WhiteClock "0:00:04"]
[BlackClock "0:00:00"]
[Board "54"]

1. d4 Nf6 2. Nf3 d5 3. Bf4 c5 4. e3 Nc6 5. Be2 Qb6 6. Nc3 a6 7. Na4 Qa5+ 8. c3 cxd4 9. exd4 e6 10. b4 Qd8 11. O-O Be7 12. Bd3 O-O 13. Re1 Bd7 14. Nc5 Bxc5 15. bxc5 b6 16. cxb6 Qxb6 17. Qb3 Qa7 18. Rab1 Rfc8 19. Ne5 Na5 20. Qb4 Nc6 21. Qa3 Nh5 22. Nxc6 Rxc6 23. Bd6 Rac8 24. Rb3 Nf6 25. Reb1 Ne8 26. Rb7 Qa8 27. Rxd7 Rxc3 28. Rb3 Rxb3 29. axb3 Qc6 30. Qa4 Qc1+ 31. Bf1 Nf6 32. Ra7 Ne4 33. Qxa6 Nd2 34. Bc5 h5 35. Qxc8+ Kh7 36. Qa6 Qe1 37. Qd3+ g6 38. Rxf7+ Kh8 39. Rf8+ Kh7 40. Rf7+ Kh8 41. h4 Qxf1+ 42. Qxf1 Nxf1 43. Kxf1 1-0


[Site "https://www.chess.com"]

[Event "Titled Tuesday Blitz August 22 Late 2023"]
[White "D`Arruda, Ricardo D."]
[Black "Girel, Joseph"]
[WhiteFideId "100692"]
[BlackFideId "36033561"]
[WhiteElo "2541"]
[BlackElo "2820"]
[Result "0-1"]
[Round "2"]
[TimeControl "180+1"]
[Date "2023.08.22"]
[WhiteClock "0:00:15"]
[BlackClock "0:00:11"]
[Board "55"]

1. d4 g6 2. e4 Bg7 3. Nc3 c5 4. Nf3 cxd4 5. Nxd4 Nc6 6. Be3 Nf6 7. Be2 O-O 8. Qd2 d6 9. h3 Bd7 10. O-O Rc8 11. Nb3 a6 12. f4 Na5 13. Nxa5 Qxa5 14. Bf3 Bc6 15. Nd5 Qd8 16. Nxf6+ Bxf6 17. Bd4 Bxd4+ 18. Qxd4 e5 19. fxe5 dxe5 20. Qe3 Qe7 21. c3 Bd7 22. Rad1 Be6 23. a3 Rfd8 24. Rxd8+ Rxd8 25. Rd1 Rxd1+ 26. Bxd1 h5 27. Be2 h4 28. Kh2 Kg7 29. Qb6 Qg5 30. Qc5 Qf4+ 31. Kh1 Qxe4 32. Bf3 Qe1+ 33. Kh2 Qg3+ 34. Kh1 Bxh3 35. Bxb7 Bf5 36. Qd5 h3 37. gxh3 Qxh3+ 38. Kg1 Qg3+ 39. Qg2 Qe3+ 40. Qf2 Qc1+ 41. Kh2 e4 42. Bxe4 Bxe4 43. Qd4+ Kg8 44. Qxe4 Qxb2+ 45. Kg1 Qxa3 46. Qe8+ Qf8 47. Qc6 a5 48. c4 a4 49. Qxa4 Qc5+ 50. Kg2 Kf8 51. Qa8+ Ke7 52. Qb7+ Ke6 53. Qe4+ Qe5 54. Qc6+ Kf5 55. c5 Qe2+ 56. Kg1 Qe3+ 57. Kg2 Kg4 58. Qd7+ f5 59. Qd1+ Kf4 60. Qf1+ Ke5 61. Qc4 Qd2+ 62. Kf1 Qd1+ 63. Kf2 Qd2+ 64. Kf1 f4 65. c6 f3 66. c7 Qg2+ 67. Ke1 f2+ 68. Kd1 f1=Q+ 69. Qxf1 Qxf1+ 70. Kc2 Qc4+ 0-1


[Site "https://www.chess.com"]

[Event "Titled Tuesday Blitz August 22 Late 2023"]
[White "Harshavardhan G B"]
[Black "Jovic, Stanoje"]
[WhiteFideId "25059009"]
[BlackFideId "905020"]
[WhiteElo "2810"]
[BlackElo "2538"]
[Result "1-0"]
[Round "2"]
[TimeControl "180+1"]
[Date "2023.08.22"]
[WhiteClock "0:00:20"]
[BlackClock "0:00:00"]
[Board "56"]

1. d4 Nf6 2. c4 e6 3. Nf3 d5 4. g3 Bb4+ 5. Bd2 Be7 6. Bg2 O-O 7. O-O c6 8. Qc2 b6 9. Bf4 a5 10. Nbd2 a4 11. e4 dxc4 12. Nxc4 b5 13. Nce5 Qb6 14. Be3 Qa6 15. Rac1 Bb7 16. Bg5 h6 17. Bxf6 Bxf6 18. Nd3 Be7 19. Nfe5 Rd8 20. Nc5 Qb6 21. Rfd1 Na6 22. Nxb7 Nb4 23. Qb1 Qxb7 24. a3 f6 25. Ng6 Na6 26. e5 Nb8 27. Bxc6 Nxc6 28. Rxc6 fxe5 29. dxe5 Bf8 30. Rdc1 Qf7 31. Nf4 Rd2 32. Rc7 Qf5 33. Qxf5 exf5 34. R1c2 Rxc2 35. Rxc2 Re8 36. Re2 g5 37. Nd5 Kf7 38. Nc7 Rb8 39. e6+ Kf6 40. Nd5+ Kg6 41. e7 Bxe7 42. Nxe7+ Kf7 43. Nxf5 Kg6 44. Ne7+ Kh5 45. Nd5 Rd8 46. Ne3 1-0


[Site "https://www.chess.com"]

[Event "Titled Tuesday Blitz August 22 Late 2023"]
[White "Bauman_Guy"]
[Black "Sivakumar, Shaaketh"]
[BlackFideId "30940176"]
[WhiteElo "2806"]
[BlackElo "2535"]
[Result "1-0"]
[Round "2"]
[TimeControl "180+1"]
[Date "2023.08.22"]
[WhiteClock "0:00:12"]
[BlackClock "0:00:57"]
[Board "57"]

1. e4 e6 2. d4 d5 3. Nc3 Bb4 4. e5 Ne7 5. a3 Bxc3+ 6. bxc3 c5 7. Qg4 Kf8 8. a4 b6 9. Nf3 Ba6 10. Bxa6 Nxa6 11. h4 h5 12. Qh3 Nf5 13. O-O Qc7 14. a5 bxa5 15. Bg5 cxd4 16. cxd4 Nb4 17. Rfc1 Qc3 18. Bd2 Qc4 19. Rxa5 Nxd4 20. Ra4 Ne2+ 21. Kh2 Nxc1 22. Rxb4 Qxc2 23. Rb7 Nd3 24. Ng5 Nxe5 25. Bb4+ Kg8 26. f3 Qf5 27. Qg3 Nd3 28. Rxf7 Qe5 29. f4 Qd4 30. Nxe6 Kxf7 31. Nxd4 Nxb4 32. f5 Rh6 33. Ne6 Rg8 34. Ng5+ Kf6 35. Qd6+ Kxf5 36. Qxb4 Rb6 37. Qe7 Rf6 38. Qxa7 Rd8 39. Qxg7 d4 40. Qh7+ Kg4 41. Qe4+ Rf4 42. Qe6+ Rf5 43. Qe2+ Kf4 44. Nh3# 1-0


[Site "https://www.chess.com"]

[Event "Titled Tuesday Blitz August 22 Late 2023"]
[White "subham777"]
[Black "ProphetReborn"]
[WhiteElo "2534"]
[BlackElo "2801"]
[Result "0-1"]
[Round "2"]
[TimeControl "180+1"]
[Date "2023.08.22"]
[WhiteClock "0:00:01"]
[BlackClock "0:01:22"]
[Board "58"]

1. e4 c5 2. Nf3 Nc6 3. Bb5 e6 4. O-O Nge7 5. c3 a6 6. Ba4 b5 7. Bc2 Bb7 8. d4 cxd4 9. Nxd4 Rc8 10. a4 b4 11. Be3 Ng6 12. f4 Be7 13. Nxc6 Bxc6 14. cxb4 Bxb4 15. f5 exf5 16. exf5 Ne5 17. Qd4 Qa5 18. f6 Bxg2 19. fxg7 Rg8 20. Kxg2 Rxc2+ 21. Kh1 Rxg7 22. Bf4 f6 23. Qe4 Qc5 24. Bxe5 Qxe5 25. Qf3 Rg1+ 0-1


[Site "https://www.chess.com"]

[Event "Titled Tuesday Blitz August 22 Late 2023"]
[White "Gorovets, Andrey"]
[Black "Keleberda, Tymur"]
[WhiteFideId "13504037"]
[BlackFideId "14174294"]
[WhiteElo "2799"]
[BlackElo "2533"]
[Result "1-0"]
[Round "2"]
[TimeControl "180+1"]
[Date "2023.08.22"]
[WhiteClock "0:00:07"]
[BlackClock "0:00:00"]
[Board "59"]

1. d4 Nf6 2. c4 e6 3. Nf3 b6 4. g3 Bb7 5. Bg2 Be7 6. O-O O-O 7. Re1 Na6 8. Bf4 c5 9. d5 exd5 10. Nh4 Nh5 11. Nf5 Nxf4 12. gxf4 Bf6 13. Qd2 d6 14. Nc3 Qd7 15. Nxd5 Bxd5 16. Qxd5 Nb4 17. Qe4 Bxb2 18. Rad1 Bc3 19. Rxd6 Qxd6 20. Nxd6 Bxe1 21. Qb1 Bc3 22. Bxa8 Rxa8 23. Qe4 Rf8 24. a3 Na6 25. Qb7 Nb8 26. Nxf7 Rxf7 27. Qxb8+ Rf8 28. Qd6 g6 29. e3 Rf7 30. Kg2 Kg7 31. a4 Bf6 32. h3 Bc3 33. Qd5 h6 34. Kg3 Bf6 35. Qe6 Bc3 36. Qd5 h5 37. Kf3 Kf6 38. Ke2 Kg7 39. Kd3 Bb2 40. a5 bxa5 41. Qxc5 a4 42. Kc2 a3 43. Kb3 Rb7+ 44. Ka2 Rd7 45. Kb3 Rd2 46. Qe7+ Kh6 47. Qg5+ Kh7 48. f5 gxf5 49. Qxf5+ Kg8 50. Qg6+ Kf8 51. Qf5+ Ke7 52. Qe4+ Kf7 53. Qb7+ Kg6 54. Qa6+ Kg5 55. c5 Rxf2 56. c6 Be5 57. Qa5 a2 58. Qxe5+ Kh4 59. c7 a5 60. c8=Q a4+ 61. Ka3 a1=Q+ 62. Qxa1 1-0


[Site "https://www.chess.com"]

[Event "Titled Tuesday Blitz August 22 Late 2023"]
[White "Ansh M Shah"]
[Black "Beerdsen, Thomas"]
[WhiteFideId "25033379"]
[BlackFideId "1030108"]
[WhiteElo "2533"]
[BlackElo "2794"]
[Result "0-1"]
[Round "2"]
[TimeControl "180+1"]
[Date "2023.08.22"]
[WhiteClock "0:00:46"]
[BlackClock "0:02:01"]
[Board "60"]

1. Nf3 g5 2. b3 g4 3. Ng1 Bg7 4. Nc3 d5 5. e3 c5 6. Bb2 d4 7. exd4 cxd4 8. Nce2 Nc6 9. h3 e5 10. hxg4 Bxg4 11. Nf3 e4 12. Nh2 Bh5 13. Qc1 Nf6 14. Nf4 Bg6 15. Bc4 Qd6 16. g3 O-O-O 17. Nf1 Ng4 18. Ba3 Qf6 19. Nh2 h5 20. Qb2 Nxf2 21. Kxf2 h4 22. Ng4 Qg5 23. Be2 hxg3+ 24. Kxg3 Be5 25. Rxh8 Qxf4+ 26. Kg2 Qg3+ 27. Kf1 Rxh8 28. Nxe5 Rh1# 0-1


[Site "https://www.chess.com"]

[Event "Titled Tuesday Blitz August 22 Late 2023"]
[White "ATM622"]
[Black "Diaz Camallonga, Carles"]
[BlackFideId "22235256"]
[WhiteElo "2532"]
[BlackElo "2788"]
[Result "0-1"]
[Round "2"]
[TimeControl "180+1"]
[Date "2023.08.22"]
[WhiteClock "0:00:00"]
[BlackClock "0:00:03"]
[Board "61"]

1. d4 d6 2. c4 e5 3. d5 f5 4. Nc3 Nf6 5. e4 g6 6. g3 Bg7 7. Bg2 O-O 8. Nge2 a5 9. O-O Na6 10. f4 Nxe4 11. Nxe4 fxe4 12. Bxe4 Nc5 13. Bg2 Bf5 14. fxe5 Bxe5 15. Bh6 Re8 16. Nd4 Bd3 17. Ne6 Nxe6 18. Qxd3 Nc5 19. Qf3 Qd7 20. Rab1 Bg7 21. Bh3 Qe7 22. Rbe1 Bd4+ 23. Kh1 Qxe1 24. Qf7+ Kh8 25. Rxe1 Rxe1+ 26. Kg2 Rae8 27. Bg4 R1e7 28. Qf3 Bxb2 29. Bg5 Re1 30. Qf7 Bg7 31. Be6 Rf8 32. Qxc7 Nxe6 33. dxe6 Rxe6 34. Qxb7 Re2+ 35. Kh3 Rxa2 36. Qe7 Rc2 37. Qxd6 Rxc4 38. Be7 Re8 39. Bd8 a4 40. Qd7 Rg8 41. Be7 Rd4 42. Qb5 Re4 43. Bd6 Ra8 44. Qc6 Ree8 45. Ba3 Rec8 46. Qd5 Rab8 47. Bd6 Rb3 48. Qe6 Rg8 49. Be5 Rb7 50. Qd5 Re7 51. Bxg7+ Rexg7 52. Qd4 Ra8 53. Qa1 a3 54. Kg4 a2 55. Kg5 Kg8 56. Kh6 Rf7 57. g4 Rb7 58. h4 Rbb8 59. h5 Rb7 60. hxg6 Ra6 61. Kg5 Rxg6+ 62. Kf5 Ra6 63. g5 Rb1 0-1


[Site "https://www.chess.com"]

[Event "Titled Tuesday Blitz August 22 Late 2023"]
[White "Adewumi, Tanitoluwa"]
[Black "ElDivis"]
[WhiteFideId "30966396"]
[WhiteElo "2760"]
[BlackElo "2532"]
[Result "1/2-1/2"]
[Round "2"]
[TimeControl "180+1"]
[Date "2023.08.22"]
[WhiteClock "0:00:02"]
[BlackClock "0:00:09"]
[Board "62"]

1. e4 c5 2. Nf3 d6 3. Bb5+ Bd7 4. Bxd7+ Nxd7 5. O-O Ngf6 6. Qe2 e6 7. d4 cxd4 8. Nxd4 Be7 9. c4 O-O 10. b3 a6 11. Bb2 Re8 12. Nc3 Bf8 13. Qd2 Qc7 14. Rfe1 Rab8 15. g3 Ne5 16. Kg2 Nc6 17. Rac1 Nxd4 18. Qxd4 Qc6 19. f3 h5 20. h4 Qc5 21. Qd3 Nd7 22. Red1 Ne5 23. Qd2 Qa7 24. Ne2 b5 25. cxb5 axb5 26. Nf4 g6 27. Bd4 Qa6 28. Nd3 Nxd3 29. Qxd3 Qxa2+ 30. Rc2 Qa6 31. Bb2 Qb7 32. Qc3 e5 33. Rcd2 b4 34. Qe3 Rbc8 35. Rd5 Rc2+ 36. R1d2 Rec8 37. f4 Rxd2+ 38. Qxd2 exf4 39. Qd4 Rc2+ 40. Kf3 Rxb2 41. Qxb2 fxg3 42. Kxg3 Qd7 43. Qe2 Bg7 44. Qd1 Qe6 45. Qf3 Be5+ 46. Kg2 Qe7 47. Kh3 Qe6+ 48. Kg2 Qe7 49. Qh3 Qc7 50. Rd2 Qc5 51. Rf2 Qc6 52. Qf3 Qb7 53. Rd2 Qe7 54. Rf2 Kg7 55. Kh3 Qe6+ 56. Kg2 Qe7 57. Qh3 Qb7 58. Re2 Qe7 59. Kf1 Qf6+ 60. Ke1 Qe7 61. Kd1 Qc7 62. Qf3 Qe7 63. Rf2 Qa7 64. Ke2 Qa2+ 65. Kf1 Qa7 66. Qd3 Qe7 67. Qf3 Qd7 68. Kg2 Qe7 1/2-1/2


[Site "https://www.chess.com"]

[Event "Titled Tuesday Blitz August 22 Late 2023"]
[White "Grossboss19"]
[Black "Troff, Kayden"]
[BlackFideId "2047896"]
[WhiteElo "2531"]
[BlackElo "2755"]
[Result "0-1"]
[Round "2"]
[TimeControl "180+1"]
[Date "2023.08.22"]
[WhiteClock "0:00:03"]
[BlackClock "0:00:10"]
[Board "63"]

1. Nf3 Nf6 2. e3 g6 3. d4 Bg7 4. c4 O-O 5. Bd3 d5 6. O-O c5 7. dxc5 Na6 8. cxd5 Nxc5 9. Bc4 a6 10. a4 Nfe4 11. Nbd2 Nd6 12. Ba2 Bf5 13. Ne1 Rc8 14. Bb1 Qa5 15. Bxf5 Nxf5 16. Nc2 Nd3 17. e4 Nxc1 18. Rxc1 Nd6 19. b3 Bb2 20. Rb1 Bc3 21. Nf3 Nxe4 22. Qd3 Nf6 23. Rfd1 Rfd8 24. Ne3 e6 25. Nc4 Qb4 26. d6 b5 27. axb5 axb5 28. Nce5 Rc5 29. Qe3 Rd5 30. Rxd5 Nxd5 31. Qh6 Bxe5 32. Nxe5 Qxd6 33. Re1 Ne7 34. Qg5 Qd2 35. Qxd2 Rxd2 36. g4 Rb2 37. Re3 Nd5 38. Rf3 f6 39. Nd7 Kf7 40. g5 f5 41. Ne5+ Ke7 42. h4 Kd6 43. Nf7+ Ke7 44. Ne5 Kd6 45. Nf7+ Kc5 46. h5 Kd4 47. Rh3 e5 48. Nh8 Nf4 49. Rh4 gxh5 50. g6 hxg6 51. Nxg6 Ke4 52. Nxf4 exf4 53. Rh3 f3 54. Rh4+ f4 55. Rxh5 Rxb3 56. Kh2 Rb2 57. Kg1 Rb1+ 58. Kh2 Rf1 59. Rxb5 Rxf2+ 60. Kg1 Re2 61. Kf1 Ra2 62. Rb3 Rd2 63. Ra3 Rd3 64. Ra8 Rd5 65. Kf2 Rd2+ 66. Kf1 f2 67. Ra3 Kf5 68. Ra8 Kg4 69. Ra3 Rb2 70. Rc3 Kf5 71. Ra3 Ke4 72. Rc3 Rd2 73. Ra3 Kf5 74. Rb3 Kg4 75. Ra3 Rb2 76. Rc3 Ra2 77. Rb3 Ra1+ 78. Kxf2 Ra2+ 79. Kf1 Rd2 80. Rc3 Rd8 81. Rb3 Re8 82. Kf2 Rd8 83. Ra3 Rb8 84. Kf1 Rb2 85. Rc3 Rd2 86. Rb3 Rh2 87. Rc3 Rh1+ 88. Kg2 Re1 89. Ra3 Re3 90. Ra8 Re2+ 91. Kf1 Kf3 92. Ra3+ Re3 93. Ra8 Rb3 94. Ra1 Kg3 95. Kg1 f3 96. Rf1 Rb2 97. Rc1 Rg2+ 98. Kf1 Rh2 99. Kg1 f2+ 100. Kf1 Rh1+ 0-1


[Site "https://www.chess.com"]

[Event "Titled Tuesday Blitz August 22 Late 2023"]
[White "Ballester Llagaria, Luis Eduardo"]
[Black "Ghazarian, Kirk"]
[WhiteFideId "2297620"]
[BlackFideId "30908604"]
[WhiteElo "2529"]
[BlackElo "2751"]
[Result "1-0"]
[Round "2"]
[TimeControl "180+1"]
[Date "2023.08.22"]
[WhiteClock "0:00:14"]
[BlackClock "0:00:03"]
[Board "64"]

1. e4 c5 2. Nc3 a6 3. Nf3 Nc6 4. d4 cxd4 5. Nxd4 e5 6. Nf5 d6 7. Bc4 Bxf5 8. exf5 Nf6 9. g4 Be7 10. g5 Nd7 11. Qh5 g6 12. Qg4 Nd4 13. f6 Bf8 14. O-O Nb6 15. Bb3 Qc8 16. Qxc8+ Rxc8 17. f4 Nc4 18. Nd5 b5 19. c3 Ne6 20. a4 Nc5 21. Bxc4 bxc4 22. Nb6 Rc6 23. Nxc4 Nb3 24. Ra3 Nxc1 25. Na5 Rc5 26. b4 Rxc3 27. Rxc3 Ne2+ 28. Kf2 Nxc3 29. Rc1 Nxa4 30. Rc8+ Kd7 31. Ra8 d5 32. Ra7+ Ke6 33. Nc6 exf4 34. Nd8+ Kf5 35. Nxf7 Rg8 36. Rxa6 Bxb4 37. Rxa4 Bc5+ 38. Kf3 Be3 39. Nh6+ 1-0


[Site "https://www.chess.com"]

[Event "Titled Tuesday Blitz August 22 Late 2023"]
[White "Wieczorek, Oskar"]
[Black "Mathieu, Phileas"]
[WhiteFideId "1133950"]
[BlackFideId "36048410"]
[WhiteElo "2751"]
[BlackElo "2529"]
[Result "1-0"]
[Round "2"]
[TimeControl "180+1"]
[Date "2023.08.22"]
[WhiteClock "0:00:13"]
[BlackClock "0:01:04"]
[Board "65"]

1. e4 e6 2. d4 d5 3. Nd2 c5 4. exd5 Qxd5 5. Ngf3 cxd4 6. g3 Nf6 7. Bg2 Nc6 8. O-O Be7 9. Nb3 Qd6 10. Nfxd4 Bd7 11. Nb5 Qb8 12. Bf4 e5 13. Bg5 Be6 14. Bxf6 Bxf6 15. Nd6+ Ke7 16. Ne4 Rd8 17. Qe2 Qc7 18. c3 Rac8 19. Qe3 b6 20. Nbd2 Na5 21. Nxf6 gxf6 22. Ne4 Nc4 23. Qh6 f5 24. Qf6+ Ke8 25. Qh8+ Ke7 26. Qf6+ Ke8 27. Ng5 Qe7 28. Qh6 Rd6 29. Nxe6 fxe6 30. b3 Na5 31. c4 Nc6 32. Rfe1 e4 33. f3 exf3 34. Bxf3 Nd4 35. Bh5+ Kd8 36. Rad1 e5 37. Qe3 Rc5 38. Qf2 Kc7 39. Rxd4 Rxd4 40. Qxd4 exd4 41. Rxe7+ Kd6 42. Re8 b5 43. Be2 bxc4 44. Bxc4 Re5 45. Rxe5 Kxe5 46. Kf2 Ke4 47. Ke2 d3+ 48. Bxd3+ Kd4 49. Bxf5 1-0


[Site "https://www.chess.com"]

[Event "Titled Tuesday Blitz August 22 Late 2023"]
[White "Radovic, Luka"]
[Black "Leiva, Gianmarco"]
[WhiteFideId "911569"]
[BlackFideId "3804399"]
[WhiteElo "2528"]
[BlackElo "2744"]
[Result "0-1"]
[Round "2"]
[TimeControl "180+1"]
[Date "2023.08.22"]
[WhiteClock "0:00:16"]
[BlackClock "0:00:22"]
[Board "66"]

1. Nf3 Nf6 2. c4 e6 3. g3 d5 4. Bg2 Be7 5. O-O O-O 6. d3 c5 7. Nc3 d4 8. Na4 Nc6 9. a3 h6 10. Bd2 a5 11. Rb1 e5 12. Qc2 Re8 13. e4 Be6 14. Nh4 Nd7 15. Nf5 Bf8 16. f4 Rb8 17. g4 b5 18. cxb5 Rxb5 19. b4 axb4 20. axb4 Nxb4 21. Bxb4 Rxb4 22. fxe5 Nxe5 23. Nxc5 Rxb1 24. Rxb1 Qc7 25. Qa4 Rd8 26. Nxe6 fxe6 27. Ng3 Nxd3 28. Bf1 Nf4 29. Rd1 d3 30. Qb3 Qc5+ 31. Kh1 Qf2 32. Rc1 Bc5 33. Rxc5 Qxc5 34. Qd1 Qf2 35. e5 Kh8 36. Ne4 Qe3 37. Ng3 d2 38. Be2 Nxe2 39. Nxe2 Qxe2 40. Qxe2 d1=Q+ 41. Qxd1 Rxd1+ 42. Kg2 Re1 43. Kf3 Rxe5 44. Kf4 Rd5 45. Kg3 g5 46. Kh3 Kg7 47. Kg2 Kf6 48. Kf2 Ke5 49. Ke3 Rd4 50. Ke2 Re4+ 51. Kf3 Ra4 52. Kg2 Ra3 53. Kf2 Kf4 54. Kg2 Ra2+ 55. Kf1 Ra3 56. Ke1 Kxg4 57. Kd2 Rh3 58. Kc2 Kf4 59. Kb2 g4 60. Kc2 h5 61. Kd2 e5 62. Ke1 e4 63. Kd2 Rd3+ 64. Ke2 h4 65. Kf1 g3 66. Kg2 Rd2+ 67. Kh1 Kf3 68. Kg1 Rd1# 0-1


[Site "https://www.chess.com"]

[Event "Titled Tuesday Blitz August 22 Late 2023"]
[White "Vovk, Orest"]
[Black "Amburgy, Ryan"]
[WhiteFideId "14113490"]
[BlackFideId "30924820"]
[WhiteElo "2526"]
[BlackElo "2743"]
[Result "0-1"]
[Round "2"]
[TimeControl "180+1"]
[Date "2023.08.22"]
[WhiteClock "0:00:03"]
[BlackClock "0:00:52"]
[Board "67"]

1. e4 e5 2. Nf3 Nc6 3. Bb5 a6 4. Bxc6 dxc6 5. O-O f6 6. d4 Bg4 7. dxe5 Qxd1 8. Rxd1 fxe5 9. h3 Bxf3 10. gxf3 Bd6 11. f4 exf4 12. e5 Bc5 13. Bxf4 Ne7 14. Nc3 O-O 15. Bg3 Nf5 16. Ne4 Bb6 17. Kg2 Rae8 18. Re1 Nxg3 19. fxg3 Rxe5 20. Re2 Ref5 21. Rd1 h6 22. c4 R8f7 23. Rd8+ Kh7 24. Re8 Bd4 25. h4 Rf1 26. Kh3 Rh1+ 27. Kg4 g6 28. Rd8 h5+ 29. Kg5 Rf5# 0-1


[Site "https://www.chess.com"]

[Event "Titled Tuesday Blitz August 22 Late 2023"]
[White "Kuzmicz, Krystian"]
[Black "Kaplan, Avi Harrison"]
[WhiteFideId "1119125"]
[BlackFideId "30934559"]
[WhiteElo "2740"]
[BlackElo "2514"]
[Result "0-1"]
[Round "2"]
[TimeControl "180+1"]
[Date "2023.08.22"]
[WhiteClock "0:00:19"]
[BlackClock "0:00:04"]
[Board "68"]

1. e4 g6 2. g3 Bg7 3. Bg2 c5 4. d3 Nc6 5. f4 e6 6. Nf3 Nge7 7. O-O O-O 8. c3 f5 9. Na3 d6 10. Nc2 e5 11. Be3 exf4 12. gxf4 fxe4 13. dxe4 d5 14. Bxc5 Rxf4 15. exd5 Qxd5 16. Qxd5+ Nxd5 17. Ng5 Rxf1+ 18. Rxf1 Nf6 19. Nd4 Nxd4 20. Bxd4 Bf5 21. Re1 h6 22. Nf3 b6 23. Re7 Kf8 24. Rc7 Nd5 25. Rxg7 Re8 26. Kf2 Nf4 27. Rxa7 Re2+ 28. Kf1 Rxg2 29. Bxb6 Bd3+ 30. Ke1 Rxb2 31. Bc5+ Kg8 32. Ne5 Re2+ 33. Kd1 Rxe5 34. Bd4 Re2 35. a4 Ra2 36. a5 Ne2 37. Be5 Ng1 38. Kc1 Nf3 39. Bf6 Rc2+ 40. Kd1 Rb2 0-1


[Site "https://www.chess.com"]

[Event "Titled Tuesday Blitz August 22 Late 2023"]
[White "Geivondian, Arman"]
[Black "Dimitrov, Atanas"]
[WhiteFideId "24102032"]
[BlackFideId "2901315"]
[WhiteElo "2505"]
[BlackElo "2738"]
[Result "1-0"]
[Round "2"]
[TimeControl "180+1"]
[Date "2023.08.22"]
[WhiteClock "0:02:05"]
[BlackClock "0:00:58"]
[Board "69"]

1. e4 c5 2. Nf3 d6 3. Bb5+ Bd7 4. Bxd7+ Nxd7 5. O-O Ngf6 6. Re1 e5 7. c4 g6 8. d3 Bg7 9. Bg5 Nf8 10. Nc3 Ne6 11. Bxf6 Bxf6 12. Nd5 Bg7 13. Rb1 O-O 14. b4 b6 15. bxc5 bxc5 16. Qa4 f5 17. Rb7 fxe4 18. Rxe4 Kh8 19. h4 Rxf3 20. gxf3 Nd4 21. Kg2 Qf8 22. Rxd4 exd4 23. Nc7 Qe7 24. Nxa8 1-0


[Site "https://www.chess.com"]

[Event "Titled Tuesday Blitz August 22 Late 2023"]
[White "Gogolev, Artem"]
[Black "Haydon, David L"]
[WhiteFideId "4116615"]
[BlackFideId "415405"]
[WhiteElo "2479"]
[BlackElo "2734"]
[Result "0-1"]
[Round "2"]
[TimeControl "180+1"]
[Date "2023.08.22"]
[WhiteClock "0:00:08"]
[BlackClock "0:00:07"]
[Board "70"]

1. d4 c6 2. c4 d5 3. Nf3 Nf6 4. g3 e6 5. Nbd2 Bd6 6. Bg2 O-O 7. O-O Nbd7 8. Qc2 Qe7 9. e4 dxe4 10. Nxe4 Nxe4 11. Qxe4 e5 12. Re1 f5 13. Qc2 e4 14. Ng5 Nf6 15. f3 h6 16. Nh3 Qf7 17. Bf4 Bb4 18. Re2 Be6 19. a3 Ba5 20. Rc1 Rad8 21. Be5 Nd7 22. fxe4 Nxe5 23. dxe5 fxe4 24. Qxe4 Bb6+ 25. c5 Bd5 26. Qe3 Bc7 27. e6 Qe7 28. Bxd5 Rxd5 29. Rf1 Rxf1+ 30. Kxf1 Re5 31. Qb3 Rf5+ 32. Rf2 Rxf2+ 33. Nxf2 Be5 34. Nd3 Bf6 35. Nf4 g5 36. Ng6 Qe8 37. e7+ Kg7 38. Nf8 Qxe7 39. Ne6+ Kh8 40. Kg2 Qf7 41. Qc4 Be5 42. b4 a6 43. Qb3 g4 44. Nd4 Qf6 45. Ne2 h5 46. Qd3 Qe6 47. Qe4 Qf6 48. h3 gxh3+ 49. Kxh3 Kg7 50. Kg2 Kh6 51. Qe3+ Qg5 52. Qe4 Qf6 53. Qd3 Qg5 54. Qd7 Qe3 55. Qe6+ Kg5 56. Qg8+ Kf6 57. Qh8+ Ke6 58. Qe8+ Kd5 59. Qf7+ Ke4 60. Qg6+ Kd5 61. Qf7+ Ke4 62. Qc4+ Kf5 63. Qf7+ Kg5 64. Qg7+ Bxg7 0-1


[Site "https://www.chess.com"]

[Event "Titled Tuesday Blitz August 22 Late 2023"]
[White "Liyanage, Ranindu Dilshan"]
[Black "Fernandez Lopez, Ruben"]
[WhiteFideId "9915834"]
[BlackFideId "24518298"]
[WhiteElo "2727"]
[BlackElo "2475"]
[Result "1-0"]
[Round "2"]
[TimeControl "180+1"]
[Date "2023.08.22"]
[WhiteClock "0:00:35"]
[BlackClock "0:00:52"]
[Board "71"]

1. c4 b6 2. d4 Bb7 3. Nc3 Nf6 4. Qc2 e6 5. a3 c5 6. Nf3 cxd4 7. Nxd4 Nc6 8. Nxc6 Bxc6 9. e4 d6 10. Be2 Be7 11. O-O O-O 12. Be3 a6 13. Rfd1 Qc7 14. Rac1 Rac8 15. b4 Qb7 16. f3 Rfd8 17. Qb3 b5 18. a4 bxc4 19. Bxc4 d5 20. exd5 exd5 21. Nxd5 Bxd5 22. Bxd5 Rxc1 23. Bxf7+ Kf8 24. Rxc1 Qxb4 25. Qxb4 Bxb4 26. Rc7 Rd1+ 27. Kf2 Bd6 28. Rb7 Bxh2 29. g3 Rd7 30. Rxd7 Nxd7 31. Bc4 a5 32. Kg2 Ne5 33. Be2 Bxg3 34. Kxg3 Kf7 35. f4 Nc6 36. Bb5 Nb4 37. Bb6 h6 38. Bxa5 Nc2 39. Bc3 g5 40. fxg5 hxg5 41. a5 Ne3 42. a6 Nf5+ 43. Kh2 Nd6 44. a7 Nxb5 45. a8=Q Nxc3 46. Qf3+ 1-0


[Site "https://www.chess.com"]

[Event "Titled Tuesday Blitz August 22 Late 2023"]
[White "Kirillov, Dmitry"]
[Black "Jaracz, Pawel"]
[WhiteFideId "34180572"]
[BlackFideId "1102222"]
[WhiteElo "2463"]
[BlackElo "2726"]
[Result "1-0"]
[Round "2"]
[TimeControl "180+1"]
[Date "2023.08.22"]
[WhiteClock "0:00:50"]
[BlackClock "0:00:19"]
[Board "72"]

1. Nf3 b5 2. e4 a6 3. d4 Bb7 4. Bd3 e6 5. Nc3 c5 6. dxc5 Bxc5 7. e5 f5 8. exf6 Nxf6 9. Qe2 Nc6 10. Ne4 Be7 11. Bf4 O-O 12. c3 Rc8 13. O-O Na5 14. Bg3 Nxe4 15. Bxe4 Bxe4 16. Qxe4 Nc4 17. Qe2 Bf6 18. Rad1 Qe8 19. Rd3 Nb6 20. Rfd1 Nd5 21. Bd6 Rf7 22. Bg3 Kh8 23. h3 Rf8 24. Kh2 Qh5 25. Nd4 Bxd4 26. Qxh5 Bxf2 27. Bxf2 Rxf2 28. Rxd5 exd5 29. Rxd5 Rxb2 30. Rxd7 Rg8 31. Re7 Rxa2 32. Re8 1-0


[Site "https://www.chess.com"]

[Event "Titled Tuesday Blitz August 22 Late 2023"]
[White "Makridis, Dimitrios"]
[Black "Sanhueza, Cristian"]
[WhiteFideId "25864475"]
[BlackFideId "116815"]
[WhiteElo "2722"]
[BlackElo "2461"]
[Result "0-1"]
[Round "2"]
[TimeControl "180+1"]
[Date "2023.08.22"]
[WhiteClock "0:01:04"]
[BlackClock "0:02:42"]
[Board "73"]

1. e4 e5 2. Nf3 Nc6 3. Bc4 Bc5 4. d3 Nf6 5. O-O O-O 6. Nbd2 a5 7. c3 d6 8. h3 Ba7 9. Re1 Ne7 10. Nf1 Ng6 11. Ng3 Re8 12. d4 c6 13. Nf5 d5 14. dxe5 Nxe5 15. Nxe5 Rxe5 16. Bf4 Re8 17. Bb3 Nxe4 18. Qg4 Qf6 19. Nh6+ Qxh6 20. Bxh6 Bxg4 21. hxg4 Bxf2+ 22. Kh2 Bxe1 23. Bf4 Bh4 0-1


[Site "https://www.chess.com"]